 Dungeon Crawl Stone Soup version 0.31-a0-221-gbddc013574 (webtiles) character file.

Game seed: 13658553778298812549

53 Nietzsche the Poker (level 3, 0/27 HPs)
             Began as a Demonspawn Gladiator on July 4, 2023.
             Slain by a cerulean imp
             ... wielding a +1 spear
             ... summoned by Natasha
              (5 damage)
             ... on level 2 of the Dungeon.
             The game lasted 00:03:03 (2053 turns).

Nietzsche the Poker (Demonspawn Gladiator)          Turns: 2053, Time: 00:03:04

Health: 0/27       AC:  7    Str: 14    XL:     3   Next: 62%
Magic:  4/4        EV: 12    Int: 11    God:
Gold:   87         SH:  0    Dex: 14    Spells: 3/3 levels left

rFire   . . .        a - +1 trident
rCold   . . .        (no shield)
rNeg    . . .        b - +0 leather armour
rPois   .            c - +0 helmet
rElec   .            (no cloak)
rCorr   .            (no gloves)
SInv    .            (no boots)
Will    .....        (no amulet)
Stlth   +            (no ring)
HPRegen 0.24/turn    (no ring)
MPRegen 0.09/turn

%: no passive effects
@: no status effects
A: icy blue scales 2
a: no special abilities


You were on level 2 of the Dungeon.
You visited 1 branch of the dungeon, and saw 2 of its levels.

You collected 113 gold pieces.
You spent 26 gold pieces at shops.

Inventory:

Hand Weapons
 a - a +1 trident (weapon)
Missiles
 d - 3 throwing nets (quivered)
 e - a javelin
Armour
 b - a +0 leather armour (worn)
 c - a +0 helmet (worn)
Magical Staves
 g - a staff of air
Scrolls
 f - a scroll of amnesia
 j - a scroll of immolation {unknown}
 k - a scroll of enchant weapon
 p - a scroll of identify
Potions
 h - a potion of enlightenment {unknown}
 i - a potion of brilliance {unknown}
 l - a potion of heal wounds {unknown}
 m - a potion of attraction {unknown}
 n - a potion of degeneration {unknown}
 o - a potion of curing {unknown}
 q - a potion of lignification {unknown}
 r - a potion of cancellation {unknown}


   Skills:
 + Level 2.1 Fighting
 + Level 3.5 Polearms
 - Level 1.9 Throwing
 + Level 0.2 Armour
 + Level 3.1 Dodging
 * Level 0.9 Spellcasting


You had 3 spell levels left.
You didn't know any spells.
Your spell library contained the following spells:

 Spells                   Type           Power      Damage    Failure   Level
 Summon Small Mammal      Summ           0%         N/A       38%         1
 Call Canine Familiar     Summ           0%         N/A       77%         3
 Summon Guardian Golem    Hex/Summ       0%         N/A       77%         3


Dungeon Overview and Level Annotations

Branches:
Dungeon (2/15)

Altars:

Shops:
D:2 *

Annotations:
D:2 Natasha


Innate Abilities, Weirdness & Mutations

You are mostly covered in icy blue scales. (AC +3)


Message History

Natasha mumbles some strange words.
You hit the cerulean imp.
The cerulean imp is moderately wounded.
The cerulean imp hits you but does no damage.
Natasha barely misses you.
You hit the cerulean imp but do no damage.
The cerulean imp is moderately wounded.
Natasha barely misses you. The cerulean imp closely misses you.
The adder barely misses you.
You barely miss the cerulean imp.
The cerulean imp is moderately wounded.
The adder bites you. Natasha claws you but does no damage.
The cerulean imp hits you but does no damage.
You closely miss the cerulean imp.
The cerulean imp is moderately wounded.
The adder closely misses you. Natasha completely misses you.
The cerulean imp hits you with a +2 spear.
The adder bites you but does no damage.
You hit the cerulean imp but do no damage.
The cerulean imp is moderately wounded.
The cerulean imp hits you but does no damage.
Natasha mumbles some strange words.
The adder barely misses you.
You hit the cerulean imp.
The cerulean imp is severely wounded.
The adder misses you. Natasha misses you.
The cerulean imp hits you with a +2 spear.
The cerulean imp hits you but does no damage.
You closely miss the cerulean imp.
The cerulean imp is severely wounded.
The adder bites you but does no damage. Natasha completely misses you.
The cerulean imp hits you with a +2 spear.
The adder bites you but does no damage. The cerulean imp closely misses you.
You barely miss Natasha.
The cerulean imp hits you with a +2 spear.
Natasha claws you!
* * * LOW HITPOINT WARNING * * *
The adder bites you but does no damage.
The cerulean imp hits you with a +1 spear.
You die...

..# +...'.......# # ..#
#...#.......# # .>##
#...##.....## # ...#
#...###...## # #..####
#...# ##### # ...##?..
#...###...## #.##.....
#...##.....## #.#
......#...#S5.....# #.#
.[....'...'h@)....# ..#
......#...#.5..[..#
#.##..... #...##.....##
...##... #...###...##
#..###### #...# ##### #
...##...###...###...## #
#.##.....##...##.....##
#
..#.......#...#.......#
###
#.#.......'...'.รท.....#
#..


You could see Natasha, 2 cerulean imps and an adder.

Vanquished Creatures
  A gnoll (D:1)
  A worm (D:2)
  A dart slug (D:1)
  2 bats (D:1)
  2 endoplasms (D:2)
  A giant cockroach (D:1)
  A goblin (D:2)
  4 hobgoblins
  8 jackals
  2 kobolds
  2 quokkas (D:1)
  3 ball pythons
  4 frilled lizards
  4 rats
36 creatures vanquished.

Notes
Turn   | Place    | Note
-------+----------+-------------------------------------------
     0 | D:1      | Nietzsche the Demonspawn Gladiator began the quest for the
                  | Orb.
     0 | D:1      | Reached XP level 1. HP: 16/16 MP: 1/1
   229 | D:1      | Gained mutation: You are partially covered in icy blue
                  | scales. (AC +2) [demonic ancestry]
   229 | D:1      | Reached XP level 2. HP: 18/22 MP: 2/2
   466 | D:1      | Gained mutation: You are mostly covered in icy blue scales.
                  | (AC +3) [demonic ancestry]
   466 | D:1      | Reached XP level 3. HP: 21/27 MP: 3/3
  1959 | D:2      | Found Sigannosch's General Store.
  1966 | D:2      | Bought a scroll of identify for 26 gold pieces
  2039 | D:2      | Noticed Natasha
  2053 | D:2      | Slain by a cerulean imp

Illustrated notes

Levels and vault maps discovered:
D:1:      dpeg_arrival_circle_labyrinth_c, layout_basic,
          minmay_misc_feat_enclosed
D:2:      kennysheep_six_static_rooms, layout_basic, serial_shops, shop,
          uniq_natasha

Skill      XL: |  1  2 |
---------------+-------+-----
Polearms       | 3 |  3.5
Dodging        | 3 |  3.1
Fighting       | |  2.1
Throwing       | |  1.9
Armour         | |  0.2
Spellcasting   | |  0.9

Action                     || total
---------------------------++-------
  Melee: Trident           ||   113
    Use: Scroll            ||     4
   Stab: Sleeping          ||     1
 Armour: Leather armour    ||    33
  Dodge: Dodged            ||    52

Table legend: (Time is in decaauts)
 A = Elapsed time spent in this place.
 B = Non-inter-level travel time spent in this place.
 C = Inter-level travel time spent in this place.
 D = Time resting spent in this place.
 E = Time spent auto-exploring this place.
 F = Levels seen in this place.
 G = Mean time per level.
                   A        B        C        D        E       F      G
               +--------+--------+--------+--------+--------+-----+--------+
         Total |   2068 |   2068 |      0 |      0 |   1655 |   2 | 1034.0 |
       Dungeon |   2068 |   2068 |      0 |      0 |   1655 |   2 | 1034.0 |
               +--------+--------+--------+--------+--------+-----+--------+

Top non-repeatable levels by time:
     D:1: 1077 daAuts
     D:2: 991 daAuts
